 Dungeon Crawl Stone Soup version 0.29.0-13-gc9e81de378 (webtiles) character file.

Game seed: 9659743082078505604

2419 freelancePsychic the Skirmisher (level 9, 0/82 HPs)
             Began as a Minotaur Hunter on Sept 8, 2022.
             Was a Follower of Dithmenos.
             Slain by a basilisk (2 damage)
             ... while petrified by a basilisk
             ... on level 8 of the Dungeon.
             The game lasted 00:11:33 (8278 turns).

freelancePsychic the Skirmisher (Minotaur Hunter)   Turns: 8278, Time: 00:11:34

Health: 0/82       AC:  5    Str: 16    XL:     9   Next: 24%
Magic:  8/8        EV:  2    Int:  6    God:    Dithmenos [*.....]
Gold:   494        SH:  0    Dex: 18    Spells: 8/8 levels left

rFire   . . .      SeeInvis .   a - +1 shortbow
rCold   . . .      Faith    .   (shield currently unavailable)
rNeg    + + +      Spirit   .   v - +0 steam dragon scales
rPois   ∞          Reflect  .   (helmet restricted)
rElec   .          Harm     .   (no cloak)
rCorr   .          Rampage  .   (no gloves)
Will    .....                   (no boots)
Stlth   ++........              i - amulet of the acrobat
HPRegen 0.23/turn               (no ring)
MPRegen 0.11/turn               q - ring of positive energy

@: petrified, hasted, wreathed by umbra
A: horns 2, retaliatory headbutt
a: Renounce Religion


You were on level 8 of the Dungeon.
You worshipped Dithmenos.
Dithmenos was aware of your devotion.
You visited 2 branches of the dungeon, and saw 9 of its levels.

You collected 494 gold pieces.

Inventory:

Hand Weapons
 a - a +1 shortbow (weapon)
Armour
 c - a +0 leather armour
 v - +0 steam dragon scales (worn)
Jewellery
 b - a ring of fire
 i - an amulet of the acrobat (around neck)
 q - a ring of positive energy (right hand)
Wands
 m - a wand of acid (9)
 t - a wand of mindburst (12)
Scrolls
 j - 4 scrolls of enchant weapon
 k - a scroll of summoning {unknown}
 l - a scroll of magic mapping
 n - a scroll of immolation
 u - a scroll of fog
 w - a scroll of blinking
Potions
 d - 2 potions of brilliance
 e - 2 potions of might {unknown}
 f - a potion of resistance
 g - a potion of lignification {unknown}
 h - a potion of attraction
 o - a potion of flight
 p - a potion of berserk rage {unknown}
 r - a potion of haste {@q3}


   Skills:
 + Level 8.9 Fighting
 * Level 11.8 Ranged Weapons
 + Level 2.8 Dodging
 - Level 0.7 Stealth


You had 8 spell levels left.
You didn't know any spells.
Your spell library contained the following spells:

 Spells                   Type           Power      Damage    Failure   Level
 Static Discharge         Conj/Air       0%         3-3/arc   58%         2
 Frozen Ramparts          Ice            0%         1d1       83%         3
 Ice Form                 Ice/Tmut       0%         N/A       99%         4
 Summon Ice Beast         Ice/Summ       0%         N/A       99%         4
 Lightning Bolt           Conj/Air       0%         1d11      100%        5
 Maxwell's Capacitive Co  Air            0%         ∞         100%        8


Dungeon Overview and Level Annotations

Branches:
Dungeon (8/15)             Temple (1/1) D:6
   Lair: D:8-11

Altars:
Ashenzari
Cheibriados
Dithmenos
Elyvilon
Fedhas
Gozag
Hepliaklqana
Kikubaaqudgha
Makhleb
Nemelex Xobeh
Okawaru
Qazlal
Ru
Trog
Vehumet
Xom
Yredelemnul
Zin
The Shining One

Shops:
D:5 :

Annotations:
D:7 Dowan, Duvessa


Innate Abilities, Weirdness & Mutations

You have a pair of horns on your head.
You reflexively headbutt those who attack you in melee.


Message History

You are slowing down.
Fire: a) +1 shortbow
Press: ? - help, Shift-Dir - straight line, f/p - basilisk
Aim: a basilisk (heavily wounded, umbra, 65% to hit)
You shoot an arrow. The arrow hits the basilisk.
The basilisk is heavily wounded.
The basilisk gazes at you. You resist with some effort.
Your limbs are stiffening.
Fire: a) +1 shortbow
Press: ? - help, Shift-Dir - straight line, f/p - basilisk
Aim: a basilisk (heavily wounded, umbra, 65% to hit)
You shoot an arrow. The arrow barely misses the basilisk.
The arrow hits the elephant but does no damage.
The basilisk gazes at you. You resist with some effort.
Fire: a) +1 shortbow
Press: ? - help, Shift-Dir - straight line, f/p - basilisk
Aim: a basilisk (heavily wounded, umbra, 65% to hit)
You shoot an arrow. The arrow hits the basilisk.
The basilisk is severely wounded.
The basilisk bites you.
* * * LOW HITPOINT WARNING * * *
You have turned to stone.
The basilisk gazes at you. The basilisk bites you.
* * * LOW HITPOINT WARNING * * *
The basilisk bites you!
* * * LOW HITPOINT WARNING * * *
The basilisk bites you.
* * * LOW HITPOINT WARNING * * *
The basilisk bites you!
* * * LOW HITPOINT WARNING * * *
The basilisk bites you.
* * * LOW HITPOINT WARNING * * *
The basilisk bites you!
* * * LOW HITPOINT WARNING * * *
The basilisk bites you!
* * * LOW HITPOINT WARNING * * *
The basilisk bites you.
You die...

############
#..........# $
#......>...# ## ...
#..........#.K#
.....##..(.......'.K+
...P.....Y.(.....#KK#
.......##l###....# ##
Y.P...# #@##..####
..l...####.(..##
..Y..##>...#### ###
..## #..### #.#
#..#..###.# #.# #.#
...#.#
#.#####...##.#.#
..#...#........#
#####.#...##.###


You could see an elephant and a basilisk.

Vanquished Creatures
  A yak (D:8)
  A basilisk (D:8)
  A steam dragon (D:6)
  Edmund (D:4)
  An ice beast (D:5)
  A black bear (D:5)
  A bullfrog (D:6)
  4 kobold brigands (D:8)
  A necrophage (D:6)
  A gnoll sergeant (D:6)
  3 scorpions
  3 wights (D:6)
  2 howler monkeys
  3 orc priests
  7 hounds
  A gnoll bouda (D:5)
  2 jellies
  2 iguanas (D:5)
  3 orc wizards
  8 gnolls
  Robin (D:3)
  8 adders
  5 ufetubi
  A worm (D:5)
  2 dart slugs (D:3)
  24 orcs
  4 endoplasms
  6 giant cockroaches
  15 goblins
  14 hobgoblins
  8 jackals
  3 kobolds
  9 quokkas
  9 ball pythons
  6 bats
  3 frilled lizards
  5 rats
170 creatures vanquished.

Notes
Turn   | Place    | Note
-------+----------+-------------------------------------------
     0 | D:1      | freelancePsychic the Minotaur Hunter began the quest for
                  | the Orb.
     0 | D:1      | Reached XP level 1. HP: 18/18 MP: 0/0
   318 | D:1      | Reached XP level 2. HP: 25/25 MP: 1/1
   798 | D:1      | Reached skill level 5 in Ranged Weapons
  1162 | D:2      | Reached XP level 3. HP: 31/31 MP: 2/2
  1882 | D:3      | Found a radiant altar of Vehumet.
  2100 | D:3      | Reached XP level 4. HP: 38/38 MP: 3/3
  2254 | D:3      | Noticed Robin
  2288 | D:3      | Killed Robin
  2559 | D:3      | Reached skill level 6 in Ranged Weapons
  2565 | D:3      | Reached XP level 5. HP: 40/46 MP: 4/4
  3270 | D:4      | Noticed Edmund
  3280 | D:4      | Killed Edmund
  3281 | D:4      | Reached skill level 7 in Ranged Weapons
  3281 | D:4      | Reached XP level 6. HP: 12/55 MP: 5/5
  3594 | D:4      | Reached skill level 5 in Fighting
  3812 | D:4      | Found a burning altar of Makhleb.
  4340 | D:5      | Entered Level 5 of the Dungeon
  4754 | D:5      | Reached skill level 8 in Ranged Weapons
  4754 | D:5      | Reached XP level 7. HP: 44/61 MP: 6/6
  4899 | D:5      | Found Sael's Book Boutique.
  5060 | D:5      | HP: 1/63 [iguana (10)]
  5074 | D:5      | Reached skill level 9 in Ranged Weapons
  5583 | D:5      | Reached XP level 8. HP: 45/71 MP: 7/7
  6207 | D:6      | Found a staircase to the Ecumenical Temple.
  6217 | Temple   | Entered the Ecumenical Temple
  6386 | Temple   | Became a worshipper of Dithmenos the Shadowed
  6464 | D:6      | Reached skill level 10 in Ranged Weapons
  7163 | D:6      | Found a basalt altar of Yredelemnul.
  7164 | D:6      | Found a sacrificial altar of Ru.
  7166 | D:6      | Found a broken altar of Ashenzari.
  7258 | D:6      | Found an iron altar of Okawaru.
  7259 | D:6      | Noticed a two-headed ogre
  7346 | D:7      | Noticed Duvessa
  7373 | D:6      | Reached skill level 11 in Ranged Weapons
  7534 | D:6      | Identified the +8 war axe of the Lair of Beasts {vorpal,
                  | Stlth+}
  7737 | D:7      | Reached * piety under Dithmenos
  7810 | D:7      | Noticed Dowan
  8119 | D:8      | Reached XP level 9. HP: 79/82 MP: 8/8
  8222 | D:8      | Noticed an elephant
  8277 | D:8      | HP: 2/82 [basilisk (3)]
  8278 | D:8      | Slain by a basilisk

Illustrated notes

Levels and vault maps discovered:
D:1:      tarquinn_simple_flora_water_e, layout_loops_corners
D:2:      layout_basic
D:3:      kennysheep_goblin_castle, layout_loops_ring,
          mainiacjoe_overflow_chevrons, minmay_randomly_rotated_circles
D:4:      layout_loops_corners, lightli_temple_of_fire, uniq_edmund
D:5:      layout_basic, gup_sewer_entry_bubbles, serial_shops, shop,
          nicolae_eternal_life, minmay_crystal_water
D:6:      layout_loops_ring, grunt_temple_overflow_open,
          okawaru_ov_weapons_minmay, marbit_many_paths,
          minmay_temple_entry_drinking_statues
D:7:      layout_basic, gammafunk_ghost_smash, uniq_duvessa
D:8:      layout_basic, david_lair_generic, ebering_ghost_rock_garden,
          minmay_unpleasant_kobolds, uniq_prince_ribbit1
Temple:   nicolae_temple_bog_church

Skill      XL: |  1  2  3  4  5  6  7  8 |
---------------+-------------------------+-----
Fighting       | 3 4 5 6 8 |  8.9
Ranged Weapons | 5 6 7 8 9 11 | 11.8
Dodging        | |  2.8
Stealth        | |  0.7

Action                   |  1- 3 |  4- 6 |  7- 9 || total
-------------------------+-------+-------+-------++-------
 Fire: Shortbow          |   127 |   156 |   338 ||   621
  Use: Scroll            |     5 |     9 |     1 ||    15
       Potion            |       |     1 |     7 ||     8
Armor: Leather armour    |    12 |    13 |    22 ||    47
       Steam dragon scal |       |       |    17 ||    17
Dodge: Dodged            |    35 |    69 |   102 ||   206
